AoeStats
← Dovalle95

Arabia

509967388Analyzed
1v1 RM · 2d ago on Sep 28, 2026· 62m 2s· 2 players
Game mode
Random Map
Map size
Tiny (2 player)
Population
200
Speed
Normal
Resources
Standard
Victory
Conquest
Starting age
Dark Age
Ending age
Imperial Age
RankedLock teamsTeams togetherTeam positionsShared explorationLock speedFull tech treeHidden civsTurbo modeCheats
Victory
Defeat
🇵🇹 Malians · Portugal
939
+16
🇨🇴 Berbers · Colombia
935
-16
Dovalle95
7:21 Loom
10:40 Feudal Age
11:38 Man-at-Arms
18:59 Double-Bit Axe
25:30 Castle Age
27:35 Husbandry
33:10 Bloodlines
32:22 Light Cavalry
43:58 Thumb Ring
43:58 Padded Archer Armor
43:49 Fletching
44:06 Scale Barding Armor
45:45 Leather Archer Armor
45:25 Bodkin Arrow
45:42 Forging
50:51 Chain Barding Armor
51:07 Iron Casting
51:23 Ballistics
58:36 Imperial Age
63:54 Imperial Age
XpRt_R4Rus
7:08 Loom
9:28 Feudal Age
10:15 Double-Bit Axe
10:20 Man-at-Arms
12:04 Scale Mail Armor
15:31 Forging
20:06 Castle Age
19:20 Scale Barding Armor
19:16 Gold Mining
21:36 Husbandry
26:15 Long Swordsman
29:22 Pikeman
33:15 Chain Mail Armor
36:39 Iron Casting
37:18 Chain Barding Armor
40:00 Bow Saw
41:20 Stone Mining
42:23 Gold Shaft Mining
41:45 Arson
42:00 Squires
48:49 Imperial Age
59:09 Fletching
60:33 Bodkin Arrow
Connection lost

Rejoining the realm…

Still unreachable

The connection could not be restored.

Session expired

The server has moved on; the page needs a fresh start.